 Dungeon Crawl Stone Soup version 0.20-a0-903-g7e3609c (webtiles) character file.

168 Goblin1989 the Slasher (level 5, -4/41 HPs)
             Began as a Demonspawn Monk on Mar 20, 2017.
             Killed by divine providence
             ... invoked by an orc priest
              (15 damage)
             ... on level 3 of the Dungeon.
             The game lasted 00:06:50 (2697 turns).

Goblin1989 the Slasher (Demonspawn Monk)            Turns: 2697, Time: 00:06:52

Health: -4/41      AC:  6    Str: 13    XL:     5   Next: 24%
Magic:  0/5        EV:  7    Int: 11    God:
Gold:   80         SH: 11    Dex: 15    Spells: 4/4 levels left

rFire    . . .     SeeInvis .   a - +0 long sword
rCold    . . .     Gourm    .   c - +0 scale mail
rNeg     . . .     Faith    .   b - +0 shield
rPois    +         Spirit   +   (helmet restricted)
rElec    .         Reflect  .   (no cloak)
rCorr    .         Harm     .   (no gloves)
MR       .....                  (no boots)
Stlth    +.........             (no amulet)
Regen    0.2/turn               (no ring)
MPRegen  0.1/turn               (no ring)

@: about to teleport, flying
A: horns 1, large bone plates 1, poison resistance, powered by death 1, wild
magic 1, magic shield
a: no special abilities


You were on level 3 of the Dungeon.
You were not hungry.

You visited 1 branch of the dungeon, and saw 3 of its levels.

You collected 80 gold pieces.

Inventory:

Hand Weapons
 a - a +0 long sword (weapon)
Armour
 b - a +0 shield (worn)
 c - a +0 scale mail (worn)
 o - a +0 plate armour
Scrolls
 g - 3 scrolls of enchant armour {unknown}
 k - a scroll of noise {unknown}
 l - a scroll of amnesia {unknown}
 m - 2 scrolls of recharging {unknown}
 u - a scroll of fog {unknown}
 T - a scroll of teleportation
Potions
 p - a potion of flight
Comestibles
 d - 3 meat rations {@e2}
 e - a bread ration {@e1}
 h - 11 fruits
 i - 2 chunks of flesh


   Skills:
 + Level 3.2 Fighting
 * Level 5.0 Long Blades
 + Level 1.0 Armour
 - Level 2.6 Dodging
 - Level 1.7 Stealth
 + Level 0.8 Shields


You had 4 spell levels left.
You didn't know any spells.

Dungeon Overview and Level Annotations

Branches:
Dungeon (3/15)

Altars:


Innate Abilities, Weirdness & Mutations

You are partially covered in large bone plates. (SH +4)
You regenerate a little health from kills.
When hurt, damage is shared between your health and your magic reserves.
You have a pair of small horns on your head.
Your system is resistant to poisons. (rPois)
Your spells are a little harder to cast, but a little more powerful.


Message History

No target in view!
No target in view!
No target in view!
No target in view!
No target in view!
No target in view!
No target in view!
No target in view!
No target in view!
No target in view!
No target in view!
No target in view!
No target in view!
No target in view!
The gnoll shouts!
Found a stone staircase leading down.
You see here a leather armour.
The gnoll is too close now for your liking.
The gnoll hits you.
You take 2 damage, and have 39/41 hp.
You now have 4/5 mp.
You hit the gnoll. Your headbutt misses the gnoll.
The gnoll is lightly wounded.
The gnoll hits you from afar with a spear.
You block the gnoll's attack. The gnoll hits you but does no damage.
An orc priest comes into view. It is wielding a club.
You hit the gnoll but do no damage.
The gnoll is lightly wounded.
The gnoll hits you but does no damage. You block the gnoll's attack.
You closely miss the gnoll. Your headbutt misses the gnoll.
The gnoll is lightly wounded.
The gnoll hits you but does no damage. x2
An orc comes into view.
You take 4 damage, and have 35/41 hp.
You now have 3/5 mp.
The gnoll shouts!
You hit the gnoll but do no damage.
The gnoll is lightly wounded.
The gnoll hits you but does no damage. x2; The gnoll closely misses you.
You slash the gnoll!
The gnoll is severely wounded.
You block the gnoll's attack. The gnoll hits you.
The orc priest hits you with a club. The gnoll barely misses you.
You hit the gnoll but do no damage. Your headbutt misses the gnoll.
The gnoll is severely wounded.
The gnoll hits you. The orc priest hits you with a club.
The gnoll hits you from afar with a spear.
You are too injured to fight recklessly!
You are too injured to fight recklessly!
You are too injured to fight recklessly!
You take 16 damage, and have 19/41 hp.
MASSIVE DAMAGE!!
You now have 2/5 mp.
You are too injured to fight recklessly!
You are too injured to fight recklessly!
You are too injured to fight recklessly!
You are too injured to fight recklessly!
You are too injured to fight recklessly!
You are too injured to fight recklessly!
You are too injured to fight recklessly!
You are too injured to fight recklessly!
You are too injured to fight recklessly!
You are too injured to fight recklessly!
You are too injured to fight recklessly!
You are too injured to fight recklessly!
You are too injured to fight recklessly!
You are too injured to fight recklessly!
You are too injured to fight recklessly!
You are too injured to fight recklessly!
You are too injured to fight recklessly!
You are too injured to fight recklessly!
You are too injured to fight recklessly!
You are too injured to fight recklessly!
You are too injured to fight recklessly!
You are too injured to fight recklessly!
You are too injured to fight recklessly!
You are too injured to fight recklessly!
You are too injured to fight recklessly!
You are too injured to fight recklessly!
You are too injured to fight recklessly!
You hit the orc priest. You headbutt the orc priest.
The orc priest is heavily wounded.
The gnoll hits you.
* * * LOW HITPOINT WARNING * * *
The gnoll hits you from afar with a spear.
* * * LOW HITPOINT WARNING * * *
You take 5 damage, and have 14/41 hp.
You now have 1/5 mp.
Okay, then.
It was a potion of flight.
You feel very buoyant.
You fly up into the air.
The gnoll hits you.
* * * LOW HITPOINT WARNING * * *
The gnoll hits you from afar with a spear.
* * * LOW HITPOINT WARNING * * *
You take 3 damage, and have 11/41 hp.
Okay, then.
As you read the scroll labeled JUOXUCVA ITHOAN, it crumbles to dust.
You feel strangely unstable.
It was a scroll of teleportation.
T - a scroll of teleportation You block the gnoll's attack.
The orc hits you.
* * * LOW HITPOINT WARNING * * *
The orc priest invokes the aid of Beogh against you.
Beogh smites you!
You die...

....███... ..........
██ █....██... .. █...
█... ██.██ █. █.██
█.... ███████... █.>.g
..........
█...g██████████████...
█..oo@.[..............
█....████████....██...
█.... █....██... █....
█....██... █....
███████...


█████ ███. █. █████. █<[[.. You could see an orc priest, 2 gnolls and an orc.

Vanquished Creatures
  The ghost of derval the Grave Robber, an amateur DENe (D:3)
  2 adders
  3 worms (D:2)
  A dart slug (D:2)
  3 leopard geckos
  5 orcs (D:3)
  8 bats
  2 giant cockroaches
  8 goblins
  8 hobgoblins
  5 jackals (D:2)
  A quokka (D:2)
  4 frilled lizards
  6 kobolds
  3 rats
60 creatures vanquished.

Notes
Turn   | Place    | Note
-------+----------+-------------------------------------------
     0 | D:1      | Goblin1989 the Demonspawn Monk began the quest for the Orb.
     0 | D:1      | Reached XP level 1. HP: 18/18 MP: 1/1
   217 | D:1      | Reached skill level 3 in Long Blades
   665 | D:1      | Gained mutation: You are partially covered in large bone plates. (SH +4) [demonic ancestry]
   665 | D:1      | Reached XP level 2. HP: 9/24 MP: 2/2
  1364 | D:2      | Reached XP level 3. HP: 26/29 MP: 3/3
  1429 | D:2      | Reached skill level 4 in Long Blades
  1787 | D:2      | Gained mutation: You regenerate a little health from kills. [demonic ancestry]
  1787 | D:2      | Reached XP level 4. HP: 21/35 MP: 4/4
  2439 | D:3      | Noticed derval's ghost (amateur DENe)
  2450 | D:3      | Gained mutation: Your system is resistant to poisons. (rPois) [potion of mutation]
  2450 | D:3      | Gained mutation: You have a pair of small horns on your head. [potion of mutation]
  2450 | D:3      | Gained mutation: Your spells are a little harder to cast, but a little more powerful. [potion of mutation]
  2461 | D:3      | Killed derval's ghost
  2461 | D:3      | Reached skill level 5 in Long Blades
  2461 | D:3      | Reached skill level 1 in Armour
  2461 | D:3      | Gained mutation: When hurt, damage is shared between your health and your magic reserves. [demonic ancestry]
  2461 | D:3      | Reached XP level 5. HP: 13/41 MP: 5/5
  2697 | D:3      | Killed from afar by an orc priest

Vault maps used:
D:1:      grunt_arrival_lava_bath
D:3:      first_bread

Skill      XL: |  1  2  3  4 |
---------------+-------------+-----
Long Blades    | 3 4 5 |  5.0
Armour         | 1 |  1.0
Fighting       | |  3.2
Dodging        | |  2.6
Stealth        | |  1.7
Shields        | |  0.8

Action                   |  1- 3 |  4- 6 || total
-------------------------+-------+-------++-------
Melee: Falchion          |    80 |       ||    80
       Long sword        |    75 |    73 ||   148
       Headbutt          |       |     3 ||     3
  Use: Potion            |       |     7 ||     7
       Scroll            |       |     1 ||     1
 Stab: Sleeping          |     1 |       ||     1
       Invisible         |       |     3 ||     3
  Eat: Chunk             |     3 |     3 ||     6
Armor: Robe              |     9 |       ||     9
       Ring mail         |    44 |    15 ||    59
       Scale mail        |       |     8 ||     8
Dodge: Dodged            |   124 |    27 ||   151
Block: Other             |    20 |    10 ||    30
       Shield            |       |     4 ||     4
       Rpst.: Falchion   |    20 |       ||    20
       Long sword        |    19 |     8 ||    27

Vault maps used:
D:1:      grunt_arrival_lava_bath
D:3:      first_bread
